 Dungeon Crawl Stone Soup version 0.30.1-3-gfc49f6343a (webtiles) character file.

Game seed: 4756818499443530284

200 Bronimir the Ogre Mage (level 5, -5/46 HPs)
             Began as an Ogre Air Elementalist on July 29, 2023.
             Slain by Natasha (10 damage)
             ... on level 2 of the Dungeon.
             The game lasted 00:06:21 (3380 turns).

Bronimir the Ogre Mage (Ogre Air Elementalist)      Turns: 3380, Time: 00:06:21

Health: -5/46      AC:  0    Str: 12    XL:     5   Next: 79%
Magic:  9/11       EV: 14    Int: 18    God:
Gold:   103        SH:  0    Dex:  9    Spells: 7/13 levels left

rFire   . . .        p - melded +2 quarterstaff (chaos)
rCold   . . .        (shield currently unavailable)
rNeg    . . .        a - melded +0 robe
rPois   .            (helmet currently unavailable)
rElec   .            q - melded +0 cloak
rCorr   .            (gloves unavailable)
SInv    .            (boots unavailable)
Will    .....        (no amulet)
Stlth   ++           f - melded +5 ring of evasion
HPRegen 0.27/turn    e - melded ring of poison resistance
MPRegen 0.12/turn

%: no passive effects
@: sluggish, pig-form (expiring), slowed, slow
A: fast, no casting, small, unfitting armour, (tough skin 1)
a: no special abilities


You were on level 2 of the Dungeon.
You were a filthy swine.
You visited 1 branch of the dungeon, and saw 2 of its levels.

You collected 103 gold pieces.

Inventory:

Hand Weapons
 i - a +0 flail
 p - a +2 quarterstaff of chaos (melded)
Missiles
 c - 25 stones
Armour
 a - a +0 robe (melded)
 q - a +0 cloak (melded)
Jewellery
 e - a ring of poison resistance (melded)
 f - a +5 ring of evasion (melded)
Scrolls
 h - a scroll of amnesia {unknown}
 k - 3 scrolls of identify {unknown}
 l - a scroll of teleportation {unknown}
 o - a scroll of acquirement {unknown}
Potions
 b - a potion of magic
 d - a potion of curing {unknown}
 g - a potion of heal wounds {unknown}
 j - a potion of haste {unknown}
 m - a potion of lignification {unknown}
 n - 2 potions of degeneration {unknown}


   Skills:
 + Level 0.4 Fighting
 + Level 2.1 Dodging
 + Level 1.6 Stealth
 + Level 4.5 Spellcasting
 + Level 1.6 Conjurations
 * Level 4.0 Air Magic


You had 7 spell levels left.
You knew the following spells:

 Your Spells              Type           Power      Damage    Failure   Level
a - Shock                 Conj/Air       56%        1d6       4%          1
b - Static Discharge      Conj/Air       28%        2-4/arc   7%          2
c - Swiftness             Air            18%        N/A       8%          3

Your spell library contained the following spells:

 Spells                   Type           Power      Damage    Failure   Level
 Magic Dart               Conj           40%        1d5       7%          1
 Searing Ray              Conj           20%        2d5       11%         2
 Airstrike                Air            9%         2d(2-18)  26%         4
 Fulminant Prism          Conj/Hex       3%         3d5       69%         4


Dungeon Overview and Level Annotations

Branches:
Dungeon (2/15)

Altars:
Elyvilon

Annotations:
D:2 Natasha


Innate Abilities, Weirdness & Mutations

You are a filthy swine.
You move quickly.
Your equipment is almost entirely melded.
You are incapable of wielding weapons or throwing items.
You cannot cast spells.
You are too large for most types of armour.
((You have tough skin. (AC +1)))


Message History

You start to feel a little slower.
Natasha claws you!
You miss Natasha.
Natasha is heavily wounded.
Your transformation is almost over.
Natasha claws you!
* * * LOW HITPOINT WARNING * * *
You hit Natasha.
Natasha is severely wounded.
You closely miss Natasha.
Natasha is severely wounded.
Natasha casts a spell at you.
You feel yourself slow down.
Okay, then.
You closely miss Natasha.
Natasha is severely wounded.
Natasha claws you.
* * * LOW HITPOINT WARNING * * *
Natasha barely misses you.
You barely miss Natasha.
Natasha is severely wounded.
Natasha misses you.
You barely miss Natasha.
Natasha is severely wounded.
You feel sluggish.
Natasha wildly gestures.
You feel troubled. Natasha barely misses you.
You hit Natasha.
Natasha is almost dead.
Natasha closely misses you. Natasha claws you.
* * * LOW HITPOINT WARNING * * *
You barely miss Natasha.
Natasha is almost dead.
Natasha claws you.
* * * LOW HITPOINT WARNING * * *
You barely miss Natasha.
Natasha is almost dead.
Natasha claws you!
You die...

#.# #.##.# #.# #.#
#.##.# #.# ###.#
#.##.# #.# ....#
#.##.# #†# #####
#.##.# #.# #....##
#.# #.....# #.h...#
#.h...## ########
##...#.# .......#
##.##.# ##.###.#
#.##)# #.# #.#
####.##.# #.#
#.#######.......#
#.###.........##.####
#...............>#
##################


You could see Natasha.

Vanquished Creatures
  A hound (D:2)
  Crazy Yiuf (D:2)
  Terence (D:2)
  Natasha (twice) (D:2)
  3 adders (D:2)
  A dart slug (D:2)
  5 bats
  2 endoplasms (D:1)
  4 giant cockroaches
  2 goblins (D:1)
  8 hobgoblins
  2 quokkas
  4 ball pythons (D:2)
  A frilled lizard (D:2)
  A kobold (D:2)
  5 rats
43 creatures vanquished.

Notes
Turn   | Place    | Note
-------+----------+-------------------------------------------
     0 | D:1      | Bronimir the Ogre Air Elementalist began the quest for the
                  | Orb.
     0 | D:1      | Reached XP level 1. HP: 16/16 MP: 3/3
   281 | D:1      | Reached XP level 2. HP: 24/24 MP: 1/5
   734 | D:1      | Reached skill level 1 in Conjurations
  1505 | D:2      | Learned a level 2 spell: Static Discharge
  1511 | D:2      | Reached XP level 3. HP: 31/31 MP: 5/7
  1682 | D:2      | Found a white marble altar of Elyvilon.
  1870 | D:2      | Reached XP level 4. HP: 39/39 MP: 2/9
  2374 | D:2      | Noticed Natasha
  2379 | D:2      | Killed Natasha
  2380 | D:2      | Reached XP level 5. HP: 45/45 MP: 4/10
  2596 | D:2      | Noticed Terence
  2603 | D:2      | Killed Terence
  2827 | D:2      | Noticed Natasha
  2860 | D:2      | Killed Natasha
  3128 | D:2      | Found a runed translucent door.
  3129 | D:2      | Noticed Crazy Yiuf
  3140 | D:2      | Killed Crazy Yiuf
  3262 | D:2      | Noticed Natasha
  3357 | D:1      | Learned a level 3 spell: Swiftness
  3380 | D:2      | Slain by Natasha

Illustrated notes

Levels and vault maps discovered:
D:1:      dpeg_arrival_shelter, layout_basic, hangedman_decor_growths,
          minivault_11, dreamdust_princess_corridor, skrybe_limestone_x
D:2:      layout_loops_ring, basic_altar, kennysheep_generic_room_13,
          uniq_crazy_yiuf_cottage, uniq_terence, uniq_natasha

Skill      XL: |  1  2  3  4  5 |
---------------+----------------+-----
Air Magic      | 3 4 |  4.0
Conjurations   | 1 |  1.6
Dodging        | 2 |  2.1
Spellcasting   | 3 4 |  4.5
Fighting       | |  0.4
Stealth        | |  1.6

Action                     |  1- 3 |  4- 6 || total
---------------------------+-------+-------++-------
  Melee: Flail             |     6 |     2 ||     8
         Unarmed           |       |    21 ||    21
   Cast: Shock             |    61 |    61 ||   122
         Swiftness         |       |     1 ||     1
 Armour: Robe              |     5 |     5 ||    10
         Skin              |       |     2 ||     2
  Dodge: Dodged            |     9 |    27 ||    36
